 Dungeon Crawl Stone Soup version 0.26.1-2-gb8aa6d0cf2 (webtiles) character file.

Game seed: 3080637446486903196

128 Descartes the Firebug (level 4, -1/25 HPs)
             Began as a Deep Elf Wanderer on Feb 18, 2021.
             Slain by a gnoll
             ... wielding a +0 whip
              (7 damage)
             ... on level 3 of the Dungeon.
             The game lasted 00:07:23 (4353 turns).

Descartes the Firebug (Deep Elf Wanderer)           Turns: 4353, Time: 00:07:24

Health: -1/25      AC:  3    Str: 11    XL:     4   Next: 86%
Magic:  6/8        EV: 12    Int: 18    God:
Gold:   179        SH:  0    Dex: 12    Spells: 5/6 levels left

rFire    + . .     SeeInvis .   a - +2 dagger
rCold    x . .     Faith    .   (no shield)
rNeg     . . .     Spirit   .   e - +0 robe
rPois    .         Reflect  .   (no helmet)
rElec    .         Harm     .   s - +0 cloak
rCorr    .         Rampage  .   (no gloves)
Will     .....                  (no boots)
Stlth    ++........             (no amulet)
HPRegen  0.08/turn              i - ring of fire
MPRegen  0.11/turn              r - +4 ring of slaying

@: very slightly contaminated
A: no striking features
a: no special abilities


You were on level 3 of the Dungeon.
You visited 1 branch of the dungeon, and saw 4 of its levels.

You collected 179 gold pieces.

Inventory:

Hand Weapons
 a - a +2 dagger (weapon)
 p - a +0 hunting sling
Missiles
 d - 21 poisoned darts
 k - 47 bolts
 l - 105 arrows
 n - 34 sling bullets
 o - 104 stones
Armour
 e - a +0 robe (worn)
 s - a +0 cloak (worn)
Jewellery
 i - a ring of fire (left hand)
 r - a +4 ring of slaying (right hand)
Scrolls
 c - a scroll of noise
 g - 2 scrolls of remove curse
 h - 3 scrolls of teleportation
 m - a scroll of identify
 t - a scroll of enchant weapon
 u - a scroll of fog
 w - a scroll of immolation {unknown}
Potions
 b - a potion of heal wounds
 f - a potion of lignification
 j - a potion of might
 q - a potion of attraction
 v - a potion of mutation {unknown}


   Skills:
 - Level 1.0 Fighting
 - Level 1.2 Dodging
 - Level 2.4 Stealth
 - Level 1.5 Spellcasting
 - Level 1.3 Hexes
 + Level 5.0 Fire Magic
 - Level 3.2 Poison Magic
 - Level 1.1 Evocations


You had 5 spell levels left.
You knew the following spells:

 Your Spells              Type           Power        Failure   Level
a - Foxfire               Conj/Fire      60%          7%          1

Your spell library contained the following spells:

 Spells                   Type           Power        Failure   Level
 Inner Flame              Hex/Fire       19%          16%         3


Dungeon Overview and Level Annotations

Branches:
Dungeon (4/15)
 Temple: D:4-7

Altars:

Annotations:
D:4 Grinder


Message History

You climb downwards.
Level annotation: Grinder The gnoll completely misses you.
The gnoll hits you with a +0 whip.
Grinder blinks!
The gnoll barely misses you.
There is a stone staircase leading up here.
The gnoll barely misses you. The gnoll hits you with a +0 flail!
You climb upwards.
There is a stone staircase leading down here.
Casting: Foxfire (safe; 7% risk of failure)
Confirm with . or Enter, or press ? or * to list all spells.
You feel a surge of power!
You miscast Foxfire.
You are very lightly contaminated with residual magic.
Nothing appears to happen.
The gnoll hits you with a +0 whip.
Casting: Foxfire (safe; 7% risk of failure)
Confirm with . or Enter, or press ? or * to list all spells.
You feel a surge of power!
You conjure some foxfire!
The gnoll hits you with a +0 flail.
* * * LOW HITPOINT WARNING * * *
The gnoll hits you with a +0 whip!
You die...

.##############.# #....##.#######
.#.........##...# #....##.#######
.........[.##.### #....##........
#..........##.#####....##########
#............................#
#.............##....##.......#
##........[...##)##..#.......#
##.###..........g###.........# ##
.......####....g@v.........>.###.
..)...........###v...............
.......###.#####..#####......####
.......###.####..######......#
###....^........###..........####
######.......######.###.........#
.###.............##.# #.........#
..............##....# #.........#
###...........###..####.........#


You could see 2 gnolls.

Vanquished Creatures
  5 adders
  A gnoll (D:3)
  6 worms
  A dart slug (D:3)
  2 leopard geckos
  5 giant cockroaches
  6 goblins
  6 hobgoblins
  5 kobolds
  A ball python (D:2)
  6 bats
  5 frilled lizards
  A quokka zombie (D:3)
  4 rats
54 creatures vanquished.

Vanquished Creatures (others)
  278 foxfires
278 creatures vanquished.

Grand Total: 332 creatures vanquished

Notes
Turn   | Place    | Note
-------+----------+-------------------------------------------
     0 | D:1      | Descartes the Deep Elf Wanderer began the quest for the
                  | Orb.
     0 | D:1      | Descartes set off with the following items: a +2 dagger, a
                  | potion of heal wounds, a potion of curing, a +0 robe; and
                  | the following spell memorised: Foxfire; and the following
                  | spells available to memorise: Inner Flame
     0 | D:1      | Reached XP level 1. HP: 12/12 MP: 5/5
   236 | D:1      | Reached skill level 1 in Fire Magic
   420 | D:1      | Reached XP level 2. HP: 16/16 MP: 3/6
   421 | D:1      | Reached skill level 2 in Fire Magic
   997 | D:2      | Reached skill level 3 in Fire Magic
   997 | D:2      | Reached XP level 3. HP: 2/20 MP: 2/7
  2610 | D:3      | Reached skill level 4 in Fire Magic
  2748 | D:3      | Reached XP level 4. HP: 22/25 MP: 4/8
  3914 | D:4      | Noticed Grinder
  3928 | D:4      | Paralysed by Grinder for 7 turns
  3939 | D:4      | Paralysed by Grinder for 5 turns
  4219 | D:3      | Reached skill level 5 in Fire Magic
  4353 | D:3      | Slain by a gnoll

Illustrated notes

Levels and vault maps discovered:
D:1:      minmay_arrival_loop, layout_rooms, kennysheep_doodads
D:2:      layout_loops_ring
D:3:      layout_rooms, st_stairs_13
D:4:      layout_basic, uniq_duvessa, uniq_grinder, uniq_sigmund

Skill      XL: |  1  2  3  4 |
---------------+-------------+-----
Fire Magic     | 1 3 4 5 |  5.0
Fighting       | |  1.0
Dodging        | |  1.2
Stealth        | |  2.4
Spellcasting   | |  1.5
Hexes          | |  1.3
Poison Magic   | |  3.2
Evocations     | |  1.1

Action                   |  1- 3 |  4- 6 || total
-------------------------+-------+-------++-------
Melee: Dagger            |    48 |    19 ||    67
 Cast: Foxfire           |   123 |    54 ||   177
  Use: Scroll            |     6 |     5 ||    11
       Potion            |     2 |     1 ||     3
Armor: Robe              |    12 |     7 ||    19
Dodge: Dodged            |    47 |    25 ||    72
